 Dungeon Crawl Stone Soup version 0.20.0-15-g7f486f2 (webtiles) character file.

57148 anfisbena the Carver (level 14, -3/77 HPs)
             Began as a Vine Stalker Fighter on June 23, 2017.
             Was a Follower of Uskayaw.
             Slain by an ice devil (6 damage)
             ... summoned by an orc high priest
             ... while paralysed by an orc sorcerer
             ... on level 2 of the Orcish Mines.
             The game lasted 00:31:51 (15633 turns).

anfisbena the Carver (Vine Stalker Fighter)        Turns: 15633, Time: 00:31:52

Health: -3/77      AC: 29    Str: 27    XL:     14   Next: 84%
Magic:  0/22       EV:  2    Int: 10    God:    Uskayaw [*.....]
Gold:   1642       SH:  0    Dex: 18    Spells: 15/16 levels left

rFire    . . .     SeeInvis +   a - +6 demon blade (elec)
rCold    . . .     Gourm    .   c - +0 shield
rNeg     . . .     Faith    .   d - +1 plate armour of Exclusion {*Drain +Blink +Fly rCorr Str+5}
rPois    .         Spirit   +   g - +1 hat of the Sun {SInv}
rElec    .         Reflect  +   J - +2 cloak of the First Snow {Int+4 Slay+3}
rCorr    +         Harm     .   r - +2 pair of gloves {archery}
MR       +....                  D - +1 pair of boots
Stlth    ..........             w - +5 amulet of reflection
Regen    1.1/turn               M - +4 ring of protection
MPRegen  0.2/turn               m - +2 ring of slaying

@: paralysed
A: fangs 3, dopey 1, high mp 1, regeneration 2, strong 1, magic shield,
antimagic bite, no potion heal 3, rot immunity
a: Stomp, Renounce Religion, Evoke Blink, Evoke Flight


You were on level 2 of the Orcish Mines.
You worshipped Uskayaw.
Uskayaw was noncommittal.
You were not hungry.

You visited 5 branches of the dungeon, and saw 21 of its levels.

You collected 2180 gold pieces.
You spent 538 gold pieces at shops.

Inventory:

Hand Weapons
 a - a +6 demon blade of electrocution (weapon)
 b - a +3 scimitar of flaming
Armour
 c - a +0 shield (worn)
 d - the +1 plate armour of Exclusion (worn) {*Drain +Blink +Fly rCorr Str+5}
   (You found it on level 11 of the Dungeon)

   It affects your strength (+5).
   It lets you fly.
   It lets you blink.
   It protects you from acid and corrosion.
   It causes draining when unequipped.
 g - the +1 hat of the Sun (worn) {SInv}
   (You acquired it on level 2 of the Lair of Beasts)

   It lets you see invisible.
 r - a +2 pair of gloves of archery (worn)
 D - a +1 pair of boots (worn)
 J - the +2 cloak of the First Snow (worn) {Int+4 Slay+3}
   (You found it on level 3 of the Lair of Beasts)

   It affects your intelligence (+4).
   It affects your accuracy and damage with ranged weapons and melee attacks
   (+3).
 W - a +1 plate armour of cold resistance
Jewellery
 m - a +2 ring of slaying (right hand)
 w - a +5 amulet of reflection (around neck)
 M - a +4 ring of protection (left hand)
Wands
 h - a wand of lightning (11/15)
 C - a wand of lightning (3/15)
 I - a wand of acid (7/15)
 Q - a wand of confusion (32/48)
 U - a wand of confusion (16/48)
 V - a wand of clouds (4/9)
Scrolls
 e - a scroll of fog {unknown}
 i - a scroll of random uselessness {unknown}
 l - 4 scrolls of magic mapping
 o - a scroll of noise {unknown}
 q - a scroll of torment {unknown}
 v - 9 scrolls of teleportation
 y - 3 scrolls of amnesia
 E - 7 scrolls of remove curse
 G - 2 scrolls of enchant armour {unknown}
 L - a scroll of silence {unknown}
 O - a scroll of fear
 S - 2 scrolls of holy word
Potions
 k - a potion of agility {unknown}
 n - 3 potions of resistance
 s - 2 potions of might
 t - 2 potions of invisibility
 u - 2 potions of mutation
 z - 15 potions of curing
 A - a potion of cancellation {unknown}
 B - a potion of haste {unknown}
 F - a potion of brilliance {unknown}
 K - 3 potions of lignification
 P - 2 potions of berserk rage
 R - 2 potions of flight {unknown}
Comestibles
 f - 8 bread rations
 j - 19 royal jellies
 p - 10 meat rations
 x - 33 chunks of flesh
 H - 15 fruits


   Skills:
 + Level 10.5 Fighting
 - Level 14.0 Long Blades
 + Level 8.8 Armour
 - Level 2.6 Stealth
 + Level 9.6 Shields
 + Level 1.9 Spellcasting
 + Level 1.6 Translocations
 * Level 7.5 Invocations
 - Level 6.0 Evocations


You had 15 spell levels left.
You knew the following spells:

 Your Spells              Type           Power        Failure   Level  Hunger
a - Apportation           Tloc           #.....       97%         1    ##.....


Dungeon Overview and Level Annotations

Branches:
Dungeon (11/15)            Temple (1/1) D:6            Lair (6/6) D:11
  Swamp (1/4) Lair:2       Spider (0/4) Lair:3        Slime (0/5) Lair:6
    Orc (2/2) D:11            Elf (0/3) Orc:2

Altars:
Ashenzari
Cheibriados
Dithmenos
Elyvilon
Fedhas
Gozag
Hepliaklqana
Kikubaaqudgha
Makhleb
Nemelex Xobeh
Okawaru
Qazlal
Ru
Sif Muna
Trog
Uskayaw
Vehumet
Xom
Yredelemnul
Zin
The Shining One

Shops:
D:4 [=   D:10 %!?=[   Orc:2 (([*=

Annotations:
Orc:2 Saint Roka


Innate Abilities, Weirdness & Mutations

You have razor-sharp teeth.
You heal very quickly.
When hurt, damage is shared between your health and your magic reserves.
Your bite disrupts and absorbs the magic of your enemies.
Potions cannot restore your health.
You are immune to rotting.
You are dopey. (Int -2)
You have an increased reservoir of magic. (+10% MP)
Your muscles are strong. (Str +2)


Message History

An orc sorcerer comes into view. It is wielding a dagger.
The orc warrior hits you from afar with a halberd.
* * * LOW HITPOINT WARNING * * *
The warg bites you but does no damage.
An orc and an orc wizard come into view.
The orc wizard is wielding a vampiric dagger.
The orc wizard shouts!
The orc shouts!
The orc wizard mumbles some strange words.
The orc wizard flickers and vanishes for a moment.
The orc warrior completely misses you. The orc warrior hits you with a flail!
* * * LOW HITPOINT WARNING * * *
The orc warrior hits you from afar with a glaive!!
* * * LOW HITPOINT WARNING * * *
The warg barely misses you.
The orc warrior hits you with a war axe.
* * * LOW HITPOINT WARNING * * *
The ice devil hits you.
* * * LOW HITPOINT WARNING * * *
The ice devil freezes you!
You die...

P))......## ........##
### .......#####<## ####
.....#.##.#...# #..##
....#........## ....#
........#....####..###
.........#....##..##.##
.................4....#
..............##@oo..##
........#.##..#hoo.O..#
..........##..4#ooo#OP...
...........#....o.ooo...P
#.. .........o.....
........oP..o...
..#.......oo...8
............o∩..
.....#.P.......


You could see Saint Roka, an orc high priest, an ice devil, a rust devil, a
warg, 2 orc sorcerers, 8 orc warriors, 2 ogres, 3 orc wizards and 2 orcs.

Vanquished Creatures
  An orc warlord (Orc:1)
  A stone giant (Orc:1)
  Azrael (Orc:2)
  Josephine (Lair:6)
  2 ogre magi (D:11)
  Harold (Orc:1)
  3 catoblepae (Lair:6)
  7 hydras
  The ghost of Wanze the Covert, a novice NaHu of Gozag (D:9)
  8 two-headed ogres
  Erica (Orc:1)
  An alligator (Swamp:1)
  3 death yaks (Lair:6)
  3 orc high priests (Orc:2)
  3 orc knights
  A wolf spider (Lair:3)
  2 manticores (Lair:6)
  2 oklob plants (Lair:2)
  3 elephants (Lair:6)
  4 black mambas
  Maurice (Orc:2)
  10 spiny frogs
  A torpor snail (Lair:3)
  3 rime drakes
  2 komodo dragons (Lair:6)
  2 trolls
  Grinder (D:4)
  7 dream sheep (Lair:4)
  2 blink frogs (Swamp:1)
  10 hippogriffs
  Sigmund (D:2)
  5 wraiths
  A shadow (Swamp:1)
  The ghost of Terandir the Magician, an amateur DEEE (D:4)
  28 yaks
  2 wyverns
  A fire elemental (Orc:2)
  A vampire mosquito (Swamp:1)
  A steam dragon (D:9)
  Menkaure (D:4)
  6 wargs
  A soldier ant (D:11)
  6 swamp worms (Lair:2)
  9 water moccasins
  5 hell hounds (Orc:2)
  6 porcupines
  A swamp drake (Swamp:1)
  2 phantoms
  20 orc warriors
  3 sky beasts
  The ghost of Terandir the Covered, an amateur MiFi (D:3)
  A black bear (D:10)
  2 ice beasts
  10 wolves
  An eye of draining (D:10)
  10 ogres
  2 centaurs
  13 crocodiles
  Blork the orc (D:4)
  13 bullfrogs
  A wyvern skeleton (D:11)
  5 scorpions
  3 killer bees (D:8)
  4 howler monkeys
  3 electric eels
  5 crimson imps
  A bullfrog zombie (D:7)
  A centaur zombie (D:8)
  6 jellies
  2 quasits
  11 orc priests
  A gnoll shaman (D:10)
  4 hounds
  14 orc wizards
  A bullfrog skeleton (D:11)
  2 iguanas
  Natasha (twice) (D:2)
  10 worker ants
  A hound zombie (D:6)
  2 hound skeletons
  Robin (D:2)
  11 adders
  17 gnolls
  4 shadow imps
  7 oozes
  An adder skeleton (D:7)
  5 worms
  8 leopard geckos
  71 orcs
  9 bats
  5 giant cockroaches
  10 goblins
  6 hobgoblins
  8 jackals
  5 quokkas
  3 frilled lizards
  9 kobolds
  2 leopard gecko skeletons (D:4)
  A quokka skeleton (D:6)
  9 rats
  A plant (Lair:2)
515 creatures vanquished.

Vanquished Creatures (others)
  A centaur warrior (D:11)
  A vampire mosquito (Swamp:1)
  Natasha (D:2)
  An orc (D:11)
  A giant cockroach (D:7)
  10 fungi
  3 plants
18 creatures vanquished.

Grand Total: 533 creatures vanquished

Notes
Turn   | Place    | Note
-------+----------+-------------------------------------------
     0 | D:1      | anfisbena the Vine Stalker Fighter began the quest for the Orb.
     0 | D:1      | Reached XP level 1. HP: 11/11 MP: 2/2
    37 | D:1      | Reached skill level 2 in Long Blades
   284 | D:1      | Reached XP level 2. HP: 16/16 MP: 3/3
   734 | D:2      | Reached XP level 3. HP: 20/20 MP: 4/4
   757 | D:2      | Noticed Sigmund
   769 | D:2      | Killed Sigmund
   769 | D:2      | Reached skill level 4 in Long Blades
   769 | D:2      | Gained mutation: Your natural rate of healing is unusually fast. [Vine Stalker growth]
   769 | D:2      | Reached XP level 4. HP: 9/26 MP: 2/5
   769 | D:2      | Reached XP level 5. HP: 11/30 MP: 2/6
   818 | D:2      | Noticed Robin
   831 | D:2      | Killed Robin
   917 | D:2      | Reached XP level 6. HP: 32/34 MP: 7/7
  1036 | D:2      | Noticed Natasha
  1048 | D:2      | Killed Natasha
  1097 | D:2      | Noticed Natasha
  1101 | D:2      | Killed Natasha
  1185 | D:2      | Noticed Natasha
  1190 | D:2      | Killed Natasha
  1712 | D:3      | Noticed Terandir's ghost (amateur MiFi)
  1731 | D:3      | Killed Terandir's ghost
  1731 | D:3      | Reached skill level 5 in Fighting
  1731 | D:3      | Reached XP level 7. HP: 34/39 MP: 8/8
  1972 | D:4      | Found Viaczefie's Jewellery Emporium.
  1972 | D:4      | Noticed Grinder
  1980 | D:4      | Killed Grinder
  1980 | D:4      | Reached skill level 5 in Long Blades
  2070 | D:4      | Noticed Menkaure
  2081 | D:4      | Killed Menkaure
  2165 | D:4      | Gained mutation: You have razor-sharp teeth. [Vine Stalker growth]
  2165 | D:4      | Reached XP level 8. HP: 43/44 MP: 9/9
  2196 | D:4      | Reached skill level 6 in Long Blades
  2308 | D:4      | Noticed Terandir's ghost (amateur DEEE)
  2317 | D:4      | Killed Terandir's ghost
  2334 | D:4      | Found Xiumnuext's Antique Armour Shop.
  2342 | D:4      | Bought a pair of embroidered boots for 202 gold pieces
  2389 | D:4      | Noticed Blork the orc
  2397 | D:4      | Killed Blork the orc
  2791 | D:5      | Entered Level 5 of the Dungeon
  3555 | D:5      | Reached skill level 7 in Long Blades
  3880 | D:6      | Found a staircase to the Ecumenical Temple.
  3902 | D:6      | Reached XP level 9. HP: 49/51 MP: 10/10
  3940 | D:6      | Noticed a two-headed ogre
  3948 | D:6      | Killed a two-headed ogre
  3948 | D:6      | Reached skill level 8 in Long Blades
  5317 | D:8      | Reached skill level 9 in Long Blades
  5322 | D:8      | Gained mutation: You have an increased reservoir of magic. (+10% MP) [mutagenic meat]
  5323 | D:8      | Gained mutation: You are dopey. (Int -2) [mutagenic meat]
  5324 | D:8      | Gained mutation: Your muscles are strong. (Str +2) [mutagenic meat]
  5437 | D:8      | Reached XP level 10. HP: 50/58 MP: 12/12
  5663 | D:8      | Got a smoking hand crossbow
  5664 | D:8      | Identified the +5 hand crossbow of Popular Demand {velocity, rF+ rC- Str+4 Int+4} (You found it on level 8 of the Dungeon)
  6204 | D:9      | Noticed Wanze's ghost (novice NaHu)
  6218 | D:9      | Killed Wanze's ghost
  6218 | D:9      | Reached skill level 10 in Fighting
  6420 | Temple   | Entered the Ecumenical Temple
  6466 | Temple   | Became a worshipper of Uskayaw the Reveler
  6639 | D:9      | Reached * piety under Uskayaw
  6640 | D:9      | Reached skill level 10 in Long Blades
  6640 | D:9      | Reached ** piety under Uskayaw
  6649 | D:9      | Reached *** piety under Uskayaw
  6652 | D:9      | Reached **** piety under Uskayaw
  6873 | D:9      | Got a fine ruby amulet
  7388 | D:10     | Entered Level 10 of the Dungeon
  7388 | D:10     | Found Reef's Armour Shoppe.
  7389 | D:10     | Identified the amulet "Vybb" {Faith Int+2} (You found it on level 9 of the Dungeon)
  7449 | D:10     | Found a white marble altar of Elyvilon.
  7468 | D:10     | Found Nocab's Food Shop.
  7542 | D:10     | Reached ***** piety under Uskayaw
  7611 | D:10     | Found Diammair's Distillery.
  7671 | D:10     | Found Otont's Magic Scroll Shop.
  7679 | D:10     | Found Ogeikhlu's Jewellery Shoppe.
  7685 | D:10     | Noticed a two-headed ogre
  7689 | D:10     | Killed a two-headed ogre
  7689 | D:10     | Reached XP level 11. HP: 48/63 MP: 11/13
  7715 | D:10     | Bought a +2 ring of slaying for 336 gold pieces
  8076 | D:10     | Noticed a two-headed ogre
  8084 | D:10     | Killed a two-headed ogre
  8084 | D:10     | Reached skill level 11 in Long Blades
  8316 | D:11     | Noticed an orc knight
  8324 | D:11     | Noticed an eight-headed hydra
  8324 | D:11     | Noticed a centaur warrior
  8325 | D:11     | Noticed an ogre mage
  8325 | D:11     | Killed an orc knight
  8328 | D:11     | Killed an ogre mage
  8336 | D:11     | Killed a centaur warrior
  8336 | D:11     | Reached skill level 5 in Shields
  8454 | D:11     | Noticed a two-headed ogre
  8462 | D:11     | Killed a two-headed ogre
  8532 | D:11     | HP: 2/63 [orc warrior/trident (4)]
  8538 | D:11     | HP: 2/63 [orc wizard/magic dart (5)]
  8673 | D:11     | Killed an eight-headed hydra
  8681 | D:11     | Got a shimmering plate armour
  8732 | D:11     | Identified the +1 plate armour of Exclusion {*Drain +Blink +Fly rCorr Str+5} (You found it on level 11 of the Dungeon)
  8756 | D:11     | Reached skill level 5 in Armour
  8804 | D:11     | Noticed a two-headed ogre
  8810 | D:11     | Killed a two-headed ogre
  8811 | D:11     | Reached skill level 12 in Long Blades
  8867 | D:11     | Noticed an ogre mage
  8867 | D:11     | Noticed a two-headed ogre
  8867 | D:11     | Noticed a two-headed ogre
  8868 | D:11     | Noticed a two-headed ogre
  8873 | D:11     | Killed a two-headed ogre
  8875 | D:11     | Killed a two-headed ogre
  8875 | D:11     | Gained mutation: You heal very quickly. [Vine Stalker growth]
  8875 | D:11     | Reached XP level 12. HP: 52/67 MP: 12/14
  8876 | D:11     | Killed an ogre mage
  8880 | D:11     | Killed a two-headed ogre
  9003 | D:11     | Found a staircase to the Lair.
  9271 | D:11     | Found a staircase to the Orcish Mines.
  9293 | D:11     | Reached ****** piety under Uskayaw
  9841 | Lair:1   | Entered Level 1 of the Lair of Beasts
 10612 | Lair:2   | Noticed a six-headed hydra
 10632 | Lair:2   | Killed a six-headed hydra
 10720 | Lair:2   | Reached skill level 13 in Long Blades
 10748 | Lair:2   | Identified 2 scrolls of acquirement
 10765 | Lair:2   | Got an encrusted hat
 10776 | Lair:2   | Identified the +1 hat of the Sun {SInv} (You acquired it on level 2 of the Lair of Beasts)
 11104 | Lair:2   | Found a staircase to the Swamp.
 11613 | Lair:3   | Got a slimy short sword
 11614 | Lair:3   | Identified the +4 short sword of the Soothsayer {venom, Str+6 Dex+3} (You found it on level 3 of the Lair of Beasts)
 11716 | Lair:3   | Found a hole to the Spider Nest.
 11750 | Lair:3   | Found a runed door.
 12019 | Lair:3   | Noticed a six-headed hydra
 12028 | Lair:3   | Killed a six-headed hydra
 12028 | Lair:3   | Reached XP level 13. HP: 49/72 MP: 11/15
 12036 | Lair:3   | Got a slimy cloak
 12042 | Lair:3   | Identified the +2 cloak of the First Snow {Int+4 Slay+3} (You found it on level 3 of the Lair of Beasts)
 12562 | Lair:4   | Reached skill level 14 in Long Blades
 12720 | Lair:4   | Reached skill level 1 in Invocations
 12721 | Lair:4   | Reached skill level 1 in Evocations
 13600 | Lair:6   | Entered Level 6 of the Lair of Beasts
 13684 | Lair:6   | Found a staircase to the Slime Pits.
 13701 | Lair:6   | Noticed Josephine
 13712 | Lair:6   | Killed Josephine
 14011 | Lair:6   | Reached skill level 5 in Invocations
 14061 | Lair:6   | Reached XP level 14. HP: 77/77 MP: 20/20
 14124 | Lair:6   | Reached skill level 5 in Evocations
 14741 | Swamp:1  | Entered Level 1 of the Swamp
 14872 | Orc:1    | Entered Level 1 of the Orcish Mines
 14884 | Orc:1    | Noticed Erica
 14885 | Orc:1    | Noticed a stone giant
 14890 | Orc:1    | Killed Erica
 14890 | Orc:1    | Reached skill level 1 in Stealth
 14896 | Orc:1    | Killed a stone giant
 15024 | Orc:2    | Entered Level 2 of the Orcish Mines
 15024 | Orc:2    | Found Ycepas's Antique Weapon Shop.
 15026 | Orc:2    | Noticed Azrael
 15047 | Orc:2    | Killed Azrael
 15067 | Orc:2    | Learned a level 1 spell: Apportation
 15115 | Orc:2    | Found Beupn's Weapon Shoppe.
 15126 | Orc:2    | Found a staircase to the Elven Halls.
 15203 | Orc:1    | Noticed Harold
 15210 | Orc:1    | Killed Harold
 15342 | Orc:2    | Found Facy's General Store.
 15342 | Orc:2    | Noticed an orc warlord
 15408 | Orc:1    | Killed an orc warlord
 15408 | Orc:1    | Reached skill level 1 in Spellcasting
 15408 | Orc:1    | Reached skill level 1 in Translocations
 15526 | Orc:2    | Found Estie's Antique Armour Emporium.
 15527 | Orc:2    | Noticed Maurice
 15543 | Orc:2    | Killed Maurice
 15623 | Orc:2    | Found Loagaazu's Jewellery Shop.
 15626 | Orc:2    | Noticed Saint Roka
 15627 | Orc:2    | Paralysed by an orc sorcerer for 7 turns
 15633 | Orc:2    | HP: 3/77 [ice devil[an orc high priest] (3)]
 15633 | Orc:2    | Slain by an ice devil

Skill      XL: |  1  2  3  4  5  6  7  8  9 10 11 12 13 14 |
---------------+-------------------------------------------+-----
Long Blades    | 2 4 5 7 9 10 12 13 14 | 14.0
Fighting       | 3 4 5 6 7 9 10 | 10.5
Shields        | 4 6 7 9 |  9.6
Armour         | 3 5 7 8 |  8.8
Invocations    | 5 7 |  7.5
Evocations     | 4 6 |  6.0
Stealth        | 2 |  2.6
Spellcasting   | 1 |  1.9
Translocations | 1 |  1.6

Action                   |  1- 3 |  4- 6 |  7- 9 | 10-12 | 13-15 || total
-------------------------+-------+-------+-------+-------+-------++-------
Melee: Long sword        |    40 |       |       |    61 |       ||   101
       Bite              |    23 |    28 |   128 |   201 |   193 ||   573
       Dagger            |    29 |   119 |   339 |   154 |       ||   641
       Demon blade       |       |       |       |   270 |   288 ||   558
       Short sword       |       |       |       |     4 |    46 ||    50
       Scimitar          |       |       |       |       |    38 ||    38
  Use: Scroll            |       |       |     9 |    17 |     4 ||    30
       Potion            |       |       |       |     3 |       ||     3
 Stab: Paralysed         |       |       |       |    26 |    32 ||    58
       Petrified         |       |       |       |       |     1 ||     1
  Eat: Chunk             |       |     3 |    15 |    19 |    13 ||    50
Armor: Scale mail        |    38 |    44 |    39 |       |       ||   121
       Chain mail        |       |       |    47 |   100 |       ||   147
       Plate armour      |       |       |       |    49 |   151 ||   200
Dodge: Dodged            |    15 |    23 |    30 |    56 |    55 ||   179
Block: Shield            |    37 |    44 |   169 |   288 |   201 ||   739
       Reflection        |       |       |     5 |    13 |     9 ||    27
       Rpst.: Long sword |     5 |       |       |       |       ||     5
       Demon blade       |       |       |       |     2 |    10 ||    12
       Scimitar          |       |       |       |       |     3 ||     3
